 Dungeon Sprint DCSS version 0.21-a0-396-ga924934 (webtiles) character file.

2411 Kidiri the Eclecticist (level 9, -2/54 HPs)
             Began as a Deep Elf Fire Elementalist on Oct 19, 2017.
             Was a Priest of Vehumet.
             Slain by a two-headed ogre
             ... wielding a +0 giant club
              (18 damage)
             ... in the Dungeon (Sprint III: "The Ten Rune Challenge").
             The game lasted 00:09:39 (1452 turns).

Kidiri the Eclecticist (Deep Elf Fire Elementalist) Turns: 1452, Time: 00:09:40

Health: -2/54      AC:  2    Str:  5    XL:     9   Next: 23%
Magic:  13/30      EV: 18    Int: 24    God:    Vehumet [***...]
Gold:   16         SH:  0    Dex: 17    Spells: 20/38 levels left

rFire    . . .     SeeInvis .   b - +0 dagger
rCold    . . .     Gourm    .   (no shield)
rNeg     . . .     Faith    .   a - +0 robe
rPois    .         Spirit   .   (no helmet)
rElec    .         Reflect  .   (no cloak)
rCorr    .         Harm     .   (no gloves)
MR       .....     NoTele   +   (no boots)
Stlth    +++.......             (no amulet)
HPRegen  0.18/turn              (no ring)
MPRegen  0.22/turn              (no ring)

@: no status effects
A: thin skeletal structure 1, deterioration 1
a: Renounce Religion


You were in the Dungeon.
You worshipped Vehumet.
Vehumet was most pleased with you.
You were not hungry.

You visited 1 branch You collected 16 gold pieces.

Inventory:

Hand Weapons
 b - a +0 dagger (weapon)
Armour
 a - a +0 robe (worn)
Wands
 k - a wand of lightning (4/15)
Scrolls
 i - a scroll of blinking
 n - a scroll of immolation {unknown}
 o - 3 scrolls of remove curse
 p - a scroll of enchant weapon {unknown}
 t - a scroll of holy word {unknown}
Potions
 d - a potion of curing
 e - 2 potions of heal wounds
 f - a potion of haste
 g - 2 potions of magic
 h - a potion of berserk rage
 j - a potion of might
 r - a potion of degeneration {unknown}
 s - 2 potions of flight {unknown}
Comestibles
 m - 16 chunks of flesh
 q - 2 royal jellies
 v - a meat ration


   Skills:
 + Level 5.3 Fighting
 + Level 6.5 Short Blades
 + Level 5.3 Armour
 + Level 8.4 Dodging
 - Level 2.4 Stealth
 * Level 15.0 Spellcasting
 + Level 9.1 Conjurations
 + Level 9.7 Fire Magic


You had 20 spell levels left.
You knew the following spells:

 Your Spells              Type           Power        Failure   Level  Hunger
a - Flame Tongue          Conj/Fire      #####        1%          1    None
b - Throw Flame           Conj/Fire      ######       1%          2    None
c - Conjure Flame         Conj/Fire      ######..     1%          3    None
d - Inner Flame           Hex/Fire       #####...     1%          3    None
e - Sticky Flame          Conj/Fire      ######..     1%          4    None
f - Fireball              Conj/Fire      ######....   1%          5    ##.....


Dungeon Overview and Level Annotations

Branches:
Dungeon (1/1)

Altars:
Cheibriados
Dithmenos
Elyvilon
Fedhas
Gozag
Hepliaklqana
Kikubaaqudgha
Makhleb
Nemelex Xobeh
Okawaru
Qazlal
Ru
Sif Muna
Trog
Uskayaw
Vehumet
Wu Jian
Xom
Yredelemnul
Zin
The Shining One
Beogh
Jiyva
Lugonu

Annotations:
D exclusion: door


Innate Abilities, Weirdness & Mutations

You have a somewhat thin skeletal structure. (Dex +2, Stealth)
Your body sometimes deteriorates upon taking damage.


Message History

Unknown command.
Casting: Flame Tongue
Confirm with . or Enter, or press ? or * to list all spells.
Aiming: Sticky Flame
Press: ? - help, Shift-Dir - straight line, f - two-headed ogre
Aim: a two-headed ogre, wielding two giant clubs (flame, inner flame)
Okay, then.
Casting: Sticky Flame
Confirm with . or Enter, or press ? or * to list all spells.
Aiming: Sticky Flame
Press: ? - help, Shift-Dir - straight line, f - two-headed ogre
Aim: a two-headed ogre, wielding two giant clubs (lightly wounded, inner flame)
The sticky flame hits the two-headed ogre.
The two-headed ogre is lightly wounded.
The two-headed ogre is covered in liquid flames!
The two-headed ogre burns!
The two-headed ogre hits you with a giant club!
* * * LOW HITPOINT WARNING * * *
The two-headed ogre hits you with a giant club!!
You die...

#### #__# #._# #+##
...# ...# ##'#
...#+##############
...#....#.#)#...@.#
...##.#..#.##.###O#
...'##.#.#.##)#.)##
...#...#..#..##..
▓▓▓▓▓▓▓▓▓▓▓▓▓▓▓▓▓


You could see a two-headed ogre (inner flame).

Vanquished Creatures
  Erolcha (D)
  A deep elf mage (D)
  A shadow (D)
  A spatial vortex (D)
  A necrophage (D)
  4 two-headed ogres (D)
  A water elemental (D)
  A jelly (D)
  Jessica (D)
  A wizard (D)
  A necromancer (D)
  3 humans (D)
  A kobold demonologist (D)
  A phantom (D)
  3 rats (D)
22 creatures vanquished.

Vanquished Creatures (others)
  2 draconian scorchers (D)
  6 hellions (D)
  3 yaktaurs (D)
11 creatures vanquished.

Grand Total: 33 creatures vanquished

Notes
Turn   | Place    | Note
-------+----------+-------------------------------------------
     0 | D        | Kidiri the Deep Elf Fire Elementalist began the quest for the Orb.
     0 | D        | Reached XP level 1. HP: 10/10 MP: 6/6
    60 | D        | Noticed Jessica
    63 | D        | Killed Jessica
    63 | D        | Reached skill level 6 in Spellcasting
    63 | D        | Reached XP level 2. HP: 15/15 MP: 6/11
    71 | D        | Learned a level 2 spell: Throw Flame
    78 | D        | Killed a hellion
    84 | D        | Killed a yaktaur
   107 | D        | Killed a hellion
   120 | D        | Reached XP level 3. HP: 19/19 MP: 9/12
   124 | D        | Killed a hellion
   125 | D        | Learned a level 3 spell: Conjure Flame
   126 | D        | Killed a white draconian scorcher
   129 | D        | Learned a level 3 spell: Inner Flame
   143 | D        | Killed a hellion
   145 | D        | Reached skill level 7 in Spellcasting
   145 | D        | Reached skill level 5 in Fire Magic
   166 | D        | Gained mutation: You are resistant to hostile enchantments. (MR+) [potion of mutation]
   166 | D        | Gained mutation: You have an increased reservoir of magic. (+10% MP) [potion of mutation]
   181 | D        | Killed a hellion
   211 | D        | Killed a hellion
   230 | D        | Killed a white draconian scorcher
   434 | D        | Lost mutation: You are resistant to hostile enchantments. (MR+) [potion of mutation]
   434 | D        | Lost mutation: You have an increased reservoir of magic. (+10% MP) [potion of mutation]
   434 | D        | Gained mutation: You have large cloven feet. [potion of mutation]
   434 | D        | Gained mutation: You are somewhat resistant to further mutation. [potion of mutation]
   435 | D        | Lost mutation: You have large cloven feet. [potion of mutation]
   435 | D        | Lost mutation: You are somewhat resistant to further mutation. [potion of mutation]
   435 | D        | Gained mutation: Your body sometimes deteriorates upon taking damage. [potion of mutation]
   435 | D        | Gained mutation: You have a somewhat thin skeletal structure. (Dex +2, Stealth) [potion of mutation]
   445 | D        | Noticed a water elemental
   447 | D        | Killed a water elemental
   447 | D        | Reached skill level 9 in Spellcasting
   447 | D        | Reached skill level 5 in Conjurations
   447 | D        | Reached XP level 4. HP: 24/24 MP: 9/17
   454 | D        | Learned a level 4 spell: Sticky Flame
   498 | D        | Found a radiant altar of Vehumet.
   499 | D        | Found a deep blue altar of Sif Muna.
   499 | D        | Found an ancient bone altar of Kikubaaqudgha.
   499 | D        | Noticed a wizard
   500 | D        | Killed a wizard
   503 | D        | Reached XP level 5. HP: 20/28 MP: 7/19
   524 | D        | Learned a level 5 spell: Fireball
   530 | D        | Became a worshipper of Vehumet
   592 | D        | Found a glowing silver altar of Zin.
   593 | D        | Found a glowing golden altar of the Shining One.
   593 | D        | Found a white marble altar of Elyvilon.
   593 | D        | Noticed a deep elf mage
   613 | D        | Noticed a fire elemental
   613 | D        | Noticed a fire elemental
   613 | D        | Killed a deep elf mage
   613 | D        | Reached skill level 5 in Dodging
   613 | D        | Reached skill level 12 in Spellcasting
   613 | D        | Reached XP level 6. HP: 26/36 MP: 10/23
   613 | D        | Reached XP level 7. HP: 28/40 MP: 10/24
   700 | D        | Found an ornate altar of the Wu Jian Council.
   700 | D        | Found a roughly hewn altar of Beogh.
   700 | D        | Found an iron altar of Okawaru.
   700 | D        | Found a bloodstained altar of Trog.
   700 | D        | Found a hide-covered altar of Uskayaw.
   700 | D        | Noticed a human
   700 | D        | Noticed a human
   703 | D        | Killed a human
   704 | D        | Killed a human
   704 | D        | Reached * piety under Vehumet
   704 | D        | Offered knowledge of Freeze by Vehumet.
   734 | D        | Killed a yaktaur
   802 | D        | Found a basalt altar of Yredelemnul.
   802 | D        | Found a shadowy altar of Dithmenos.
   802 | D        | Found a sacrificial altar of Ru.
   806 | D        | Reached skill level 13 in Spellcasting
   852 | D        | Noticed a shadow
   853 | D        | Killed a shadow
   853 | D        | Reached ** piety under Vehumet
   853 | D        | Reached skill level 5 in Short Blades
   853 | D        | Reached XP level 8. HP: 48/48 MP: 20/27
   875 | D        | Found a blossoming altar of Fedhas.
   875 | D        | Found a stormy altar of Qazlal.
   875 | D        | Found a snail-covered altar of Cheibriados.
   875 | D        | Found a burning altar of Makhleb.
   875 | D        | Found a shimmering altar of Xom.
   876 | D        | Found a hazy altar of Hepliaklqana.
   876 | D        | Found an opulent altar of Gozag.
   876 | D        | Found a sparkling altar of Nemelex Xobeh.
   876 | D        | Found a corrupted altar of Lugonu.
   876 | D        | Found a viscous altar of Jiyva.
   889 | D        | HP: 2/48 [spatial vortex (7)]
  1195 | D        | Offered knowledge of Magic Dart by Vehumet.
  1278 | D        | Reached *** piety under Vehumet
  1320 | D        | Killed a yaktaur
  1352 | D        | Noticed a two-headed ogre
  1366 | D        | Killed a two-headed ogre
  1366 | D        | Offered knowledge of Static Discharge by Vehumet.
  1366 | D        | Reached skill level 14 in Spellcasting
  1443 | D        | Noticed a two-headed ogre
  1443 | D        | Noticed Erolcha
  1450 | D        | Killed Erolcha
  1450 | D        | Reached skill level 5 in Fighting
  1450 | D        | Reached skill level 5 in Armour
  1450 | D        | Reached skill level 15 in Spellcasting
  1450 | D        | Reached XP level 9. HP: 33/54 MP: 16/30
  1452 | D        | Slain by a two-headed ogre

Vault maps used:
D:        dungeon_sprint_mu

Skill      XL: |  1  2  3  4  5  6  7  8 |
---------------+-------------------------+-----
Spellcasting   | 6 9 12 13 15 | 15.0
Conjurations   | 3 5 7 9 |  9.1
Fire Magic     | 4 6 7 8 9 |  9.7
Fighting       | 2 4 5 |  5.3
Short Blades   | 3 5 6 |  6.5
Armour         | 2 3 5 |  5.3
Dodging        | 5 6 8 |  8.4
Stealth        | |  2.4

Action                   |  1- 3 |  4- 6 |  7- 9 || total
-------------------------+-------+-------+-------++-------
 Cast: Flame Tongue      |    16 |     5 |    56 ||    77
       Conjure Flame     |     1 |       |     6 ||     7
       Sticky Flame      |       |     3 |     5 ||     8
       Fireball          |       |       |     3 ||     3
       Inner Flame       |       |       |     4 ||     4
  Use: Potion            |     3 |       |       ||     3
       Scroll            |     1 |       |       ||     1
  Eat: Bread ration      |       |       |     1 ||     1
Dodge: Dodged            |     1 |     1 |     9 ||    11

Table legend:
 A = Spawn XP
 B = Non-spawn XP
 C = Spawn XP percentage of total XP
 D = Spawn monster count
 E = Non-spawn monster count
 F = Spawn count percentage of total count
 G = Total turns spent on level
                    A         B        C        D         E        F      G
               +---------+---------+-------+---------+---------+-------+---------
         Total |       0 |    3445 |   0.0 |       0 |      22 |   0.0 |  1452
               +---------+---------+-------+---------+---------+-------+---------
             D |       0 |    3445 |   0.0 |       0 |      22 |   0.0 |  1452
               +---------+---------+-------+---------+---------+-------+---------
